Map: Эфемерон РВ

Players

ИИ 1 (эксперт)

  • Race: Terran Terran
  • Spawn Location: 5:00

ИИ 2 (новичок) - Winner!

  • Race: Terran Terran
  • Spawn Location: 11:00

VOD

Have the link to the VOD?

Description

Time

  • Played on: Aug. 12, 2019, 8:25 p.m.
  • Length: 11:34
Show
View Real Time Build Order
Export as new Build Order

ИИ 1 (эксперт) Terran 

Build Orders:  

Get SALT Encoding   

  12  0:01  SCV  
  13  0:13  SCV  
  14  0:18  Supply Depot  
  14  0:25  SCV  
  15  0:40  SCV  
  16  0:44  Barracks  
  16  0:52  SCV  
  17  1:04  SCV  
  18  1:16  SCV  
  19  1:20  Command Center  
  19  1:33  Marine  
  19  1:35  Orbital Command  
  20  1:45  Supply Depot  
  20  1:51  Refinery, Marine  
  21  2:00  SCV  
  22  2:09  Marine  
  22  2:10  Barracks  
  22  2:12  SCV  
  24  2:18  Refinery  
  24  2:24  SCV  
  24  2:27  Marine  
  26  2:30  Supply Depot  
  26  2:31  SCV  
  27  2:45  Orbital Command  
  27  2:47  Marine  
  27  2:50  SCV  
  29  3:01  Factory  
  29  3:02  SCV  
  30  3:05  Marine  
  30  3:06  Marine  
  30  3:11  SCV  
  33  3:15  SCV  
  34  3:23  Marine, SCV  
  34  3:24  Marine  
  38  3:27  SCV  
  38  3:35  SCV  
  38  3:39  SCV  
  40  3:41  Marine  
  40  3:42  Marine  
  40  3:46  Factory Tech Lab  
  40  3:47  SCV  
  43  3:50  Starport  
  43  3:51  SCV  
  43  3:52  Supply Depot  
  44  3:59  SCV, Marine  
  44  4:00  Marine  
  47  4:03  SCV  
  47  4:06  Siege Tank  
  51  4:11  SCV  
  51  4:12  Supply Depot  
  51  4:15  SCV  
  53  4:17  Marine  
  53  4:18  Marine  
  53  4:23  SCV  
  53  4:24  Supply Depot  
  56  4:26  Starport Tech Lab  
  56  4:27  SCV  
  57  4:35  SCV  
  58  4:38  Siege Tank  
  58  4:39  SCV  
  58  4:40  Supply Depot  
  58  4:42  Marine  
  58  4:44  Marine  
  64  4:45  Banshee  
  64  4:48  Supply Depot, SCV  
  64  4:51  SCV  
  64  4:52  Cloaking Field  
  69  5:00  SCV  
  69  5:01  Barracks Tech Lab, Supply Depot  
  69  5:03  Refinery, SCV  
  69  5:06  Refinery  
  71  5:12  SCV  
  72  5:16  SCV  
  72  5:20  Stimpack  
  73  5:22  Marauder  
  73  5:24  SCV  
  73  5:28  SCV  
  75  5:32  Command Center  
  75  5:34  Marine  
  71  5:36  SCV  
  71  5:40  SCV  
  62  5:43  Marauder  
  62  5:48  SCV  
  60  5:52  Marine, SCV  
  57  6:00  SCV  
  54  6:04  SCV  
  54  6:05  Marauder  
  54  6:10  Marine  
  53  6:12  SCV  
  53  6:16  SCV  
  50  6:24  SCV  
  51  6:26  Marauder  
  51  6:28  SCV, Marine  
  48  6:36  SCV  
  44  6:40  SCV  
  44  6:44  SCV  
  44  6:46  Marine  
  38  6:48  SCV, Marauder  
  38  6:52  SCV  
  36  6:56  SCV  
  36  7:01  SCV  
  34  7:03  Marine  
  34  7:04  SCV  
  34  7:08  SCV  
  34  7:13  SCV  
  31  7:17  SCV  
  29  7:25  SCV  
  29  7:28  SCV  
  29  7:30  SCV  
  28  7:37  SCV  
  28  7:43  SCV  
  29  7:47  SCV  
  29  7:49  SCV  
  30  7:55  SCV  
  30  8:01  SCV  
  30  8:02  SCV  
  31  8:08  Barracks, SCV  
  32  8:14  SCV  
  32  8:16  SCV  
  34  8:20  SCV  
  34  8:26  SCV  
  36  8:32  SCV  
  36  8:33  SCV  
  38  8:34  Barracks  
  38  8:38  SCV  
  39  8:43  Siege Tank  
  39  8:44  SCV  
  39  8:46  SCV  
  44  8:50  SCV  
  44  8:55  Marine  
  46  8:56  SCV  
  46  8:58  SCV  
  46  9:02  SCV  
  49  9:08  SCV  
  50  9:14  Barracks Tech Lab, SCV  
  50  9:15  Siege Tank, SCV  
  55  9:20  Marine, SCV  
  57  9:26  SCV  
  57  9:27  SCV  
  59  9:32  SCV, Marine  
  59  9:38  SCV, Marine  
  58  9:40  SCV  
  58  9:44  SCV  
  62  9:47  Siege Tank  
  62  9:49  Supply Depot  
  62  9:50  SCV, Marine  
  62  9:52  SCV  
  68  9:56  SCV, Marine  
  70  10:02  SCV  
  71  10:07  Marine  
  71  10:09  Barracks  
  71  10:11  SCV  
  71  10:13  Supply Depot  
  71  10:14  Marine  
  74  10:15  SCV  
  74  10:19  Siege Tank  
  77  10:23  SCV  
  77  10:26  Marauder  
  69  10:32  Barracks Tech Lab  
  69  10:34  SCV  
  69  10:35  Supply Depot, SCV  
  69  10:39  Engineering Bay  
  58  10:44  Medivac  
  58  10:47  SCV, Marine  
  56  10:51  Siege Tank, Marauder  
  56  10:56  Marine  
  59  10:59  SCV  
  52  11:05  Marauder  
  41  11:11  SCV  
  41  11:12  Marine  
  41  11:13  Marine  
Show
View Real Time Build Order
Export as new Build Order

ИИ 2 (новичок) Terran - Winner!

Build Orders:  

Get SALT Encoding   

  12  0:00  SCV  
  13  0:13  SCV  
  14  0:18  Supply Depot  
  14  0:25  SCV  
  15  0:29  Refinery  
  15  0:42  Barracks  
  15  0:45  SCV  
  16  0:57  SCV  
  17  1:05  Barracks  
  17  1:09  SCV  
  18  1:18  Supply Depot  
  18  1:21  SCV  
  19  1:29  Marine  
  20  1:33  SCV  
  21  1:46  Orbital Command  
  21  1:47  Marine  
  21  1:53  Barracks Tech Lab  
  22  2:02  Barracks  
  22  2:05  Barracks Reactor  
  22  2:13  Concussive Shells  
  22  2:14  Marauder  
  24  2:17  SCV  
  25  2:25  Supply Depot  
  25  2:29  SCV  
  26  2:35  Marauder  
  28  2:41  Marine  
  28  2:42  SCV  
  28  2:44  Marine  
  30  2:49  Barracks Tech Lab  
  31  2:56  Marauder, SCV  
  31  2:58  Supply Depot  
  34  2:59  Marine  
  34  3:03  Marine  
  36  3:07  Refinery  
  36  3:11  Marauder  
  38  3:13  SCV  
  41  3:20  Marauder  
  41  3:22  Marine  
  41  3:25  Marine  
  43  3:30  Supply Depot  
  43  3:33  Marauder  
  45  3:40  Marine  
  46  3:43  Marine  
  46  3:44  Engineering Bay  
  47  3:52  Marauder  
  47  3:55  Marauder  
  51  4:01  SCV  
  52  4:04  Bunker, Marine  
  52  4:07  Marine  
  54  4:13  SCV  
  54  4:16  Supply Depot  
  55  4:30  SCV  
  57  4:38  Marauder  
  57  4:40  Supply Depot  
  57  4:41  Marauder  
  59  4:52  Factory  
  59  5:03  Command Center  
  59  5:28  Supply Depot  
  59  5:36  Factory, Factory Tech Lab  
  59  5:37  Marine  
  59  5:39  Marine  
  54  5:43  Marine  
  54  5:45  Marine  
  56  5:55  Cyclone, Marine  
  57  5:57  Marine  
  57  6:01  Marine  
  57  6:03  Marine  
  58  6:13  Marine  
  58  6:15  Marine  
  58  6:16  Starport  
  60  6:19  Factory Tech Lab, Marine  
  60  6:22  Starport  
  59  6:27  Cyclone  
  59  6:32  Marine  
  63  6:35  Marine  
  63  6:38  Marine  
  63  6:41  Marine  
  64  6:50  Marine  
  64  6:53  Marine  
  64  6:54  Starport Tech Lab  
  66  6:56  Marine  
  66  6:58  Starport Tech Lab  
  66  6:59  Marine  
  68  7:08  Marine  
  69  7:10  Marine  
  69  7:14  Cyclone, Marine  
  74  7:17  Marine  
  74  7:20  Cyclone  
  78  7:23  SCV  
  78  7:27  Marine  
  78  7:29  Marine  
  80  7:30  SCV  
  80  7:35  Marine  
  81  7:38  SCV  
  81  7:40  Marine  
  79  7:45  SCV, Marine  
  79  7:48  Marine  
  82  7:53  SCV, Marine  
  82  7:59  Marauder  
  82  8:00  SCV  
  81  8:09  SCV  
  81  8:11  Marauder  
  84  8:14  Supply Depot  
  84  8:16  SCV  
  85  8:20  Marine, Marauder  
  85  8:22  Marine  
  85  8:24  SCV  
  90  8:31  SCV  
  90  8:32  Marine  
  92  8:38  Marine, SCV  
  92  8:40  Marine  
  92  8:41  Marine  
  95  8:43  Supply Depot  
  95  8:45  SCV  
  97  8:50  Marine  
  98  8:56  Marine  
  98  8:58  Marine  
  98  8:59  Marine  
  101  9:08  Marine  
  102  9:10  Supply Depot  
  102  9:14  Marine  
  102  9:16  Marine  
  104  9:17  Marauder  
  106  9:25  Marine  
  107  9:31  Marine  
  107  9:34  Marine  
  107  9:35  Supply Depot, Cyclone  
  112  9:38  Marauder  
  112  9:44  Marauder  
  116  9:49  Marine  
  117  9:54  Barracks  
  117  9:55  Command Center  
  117  9:57  Siege Tank  
  122  10:00  Marauder  
  122  10:02  Supply Depot  
  122  10:05  Marauder  
  124  10:22  Factory  
  124  10:24  Siege Tank  
  124  10:25  Medivac  
  129  10:30  Factory  
  129  10:33  Supply Depot  
  129  10:41  Starport  
  123  10:48  Starport  
  125  10:57  Barracks  
  125  10:59  Barracks Tech Lab  
  127  11:06  Refinery  
  127  11:08  Factory Tech Lab  
  127  11:11  Refinery  
  126  11:23  Refinery  
  126  11:24  Starport Tech Lab  
Tags
 
Add a new tag
Caveats
  • Supply blocks, unpowered buildings, or Contaminate may cause inaccurate times.
  • Supply counts are checked every 10 seconds.